 Dungeon Crawl Stone Soup version 0.27-a0-1202-ge72e49191c (webtiles) character file.

Game seed: 2804421334657526254

411 bande the Shield-Bearer (level 6, -4/34 HPs)
             Began as a Gargoyle Fighter on June 2, 2021.
             Slain by an ogre
             ... wielding a +0 giant spiked club
              (5 damage)
             ... on level 4 of the Dungeon.
             The game lasted 00:09:33 (3925 turns).

bande the Shield-Bearer (Gargoyle Fighter)          Turns: 3925, Time: 00:09:34

Health: -4/34      AC: 16    Str: 20    XL:     6   Next: 90%
Magic:  6/6        EV:  3    Int:  9    God:
Gold:   216        SH: 15    Dex: 12    Spells: 5/5 levels left

rFire    + . .     SeeInvis .   a - +1 war axe
rCold    + . .     Faith    .   n - +1 tower shield
rNeg     + . .     Spirit   .   j - +0 chain mail
rPois    ∞         Reflect  .   (helmet restricted)
rElec    +         Harm     .   (no cloak)
rCorr    .         Rampage  .   (no gloves)
Will     .....                  e - +1 pair of boots
Stlth    ..........             (no amulet)
HPRegen  0.11/turn              f - ring of protection from fire
MPRegen  0.10/turn              (no ring)

@: no status effects
A: sickness immunity, AC +4, negative energy resistance 1, electricity
resistance, torment resistance 1, petrification resistance, horns 1, agile 1,
cold resistance 1, frail 1
a: no special abilities


You were on level 4 of the Dungeon.
You visited 1 branch of the dungeon, and saw 4 of its levels.

You collected 216 gold pieces.

Inventory:

Hand Weapons
 a - a +1 war axe (weapon)
 m - a +0 flail
Missiles
 l - 5 curare-tipped darts (quivered)
Armour
 e - a +1 pair of boots (worn)
 j - a +0 chain mail (worn)
 n - a +1 tower shield (worn)
Jewellery
 f - a ring of protection from fire (left hand)
Scrolls
 b - 2 scrolls of identify
 c - a scroll of amnesia {unknown}
Potions
 g - a potion of haste


   Skills:
 + Level 4.3 Fighting
 + Level 4.3 Axes
 + Level 4.5 Armour
 + Level 0.8 Dodging
 + Level 4.6 Shields
 + Level 0.6 Evocations


You had 5 spell levels left.
You didn't know any spells.
Your spell library was empty.

Dungeon Overview and Level Annotations

Branches:
Dungeon (4/15)
 Temple: D:4-7

Altars:

Shops:
D:3 (   D:4 =


Innate Abilities, Weirdness & Mutations

You are immune to sickness and miasma.
Your stone body is resilient. (AC +4)
You are immune to poison.
You resist negative energy. (rN+)
You are resistant to electric shocks. (rElec)
You are resistant to unholy torment.
You are immune to petrification.
You have a pair of small horns on your head.
You are agile. (Dex +2)
Your flesh is cold resistant. (rC+)
You are frail. (-10% HP)


Message History

No target in view!
No target in view!
No target in view!
No target in view!
No target in view!
No target in view!
Things that are here:
a +0 short sword; a kobold skeleton You see here a +0 leather armour.
You see here a ball python skeleton.
There is an open door here.
You see here a +0 kite shield.
There is an open door here.
You see here 9 poisoned darts.
Found a scale mail.
An ogre comes into view. It is wielding a +0 giant spiked club.
The ogre shouts!
You hear an angry hiss.
You block the ogre's attack.
You hit the ogre but do no damage.
An iguana comes into view.
The ogre hits you with a +0 giant spiked club!!
Ouch! That really hurt!
You are too injured to fight recklessly!
You are too injured to fight recklessly!
You are too injured to fight recklessly!
You are too injured to fight recklessly!
You are too injured to fight recklessly!
You are too injured to fight recklessly!
You are too injured to fight recklessly!
You are too injured to fight recklessly!
Unknown command.
You slash the ogre! You headbutt the ogre.
The ogre is moderately wounded.
The ogre barely misses you.
The ogre hits you with a +0 giant spiked club!
* * * LOW HITPOINT WARNING * * *
You slash the ogre!
The ogre is severely wounded.
The ogre hits you with a +0 giant spiked club.
You die...

...# ##.# ....# .#.#
######.####### .#.#
#......≈≈≈≈≈≈≈
.#.###......####### #
..........+.#.....#.#
#..###....#.###.###.# #
#..##....)....#.#...#.#
....#.#####..)#[#Ol...#
.#..#.# #.#...@..#
.#..#[# #.###....#
...>#.### #.# ######
........###.#
.........##.#
###......##.#
............#
....(...#.###
........#...#


You could see an ogre and an iguana.

Vanquished Creatures
  An ogre (D:4)
  A necrophage (D:3)
  2 orc priests (D:3)
  3 gnolls (D:2)
  9 adders
  An adder skeleton (D:4)
  2 worms
  2 dart slugs
  8 ball pythons
  7 endoplasms
  6 giant cockroaches
  4 goblins
  5 hobgoblins
  5 jackals (D:1)
  5 quokkas
  4 bats
  4 frilled lizards
  4 kobolds
  4 rats
77 creatures vanquished.

Vanquished Creatures (others)
  3 plants (D:3)
3 creatures vanquished.

Grand Total: 80 creatures vanquished

Notes
Turn   | Place    | Note
-------+----------+-------------------------------------------
     0 | D:1      | bande the Gargoyle Fighter began the quest for the Orb.
     0 | D:1      | Reached XP level 1. HP: 14/14 MP: 1/1
   110 | D:1      | Reached XP level 2. HP: 19/19 MP: 2/2
   534 | D:1      | Found a faded altar of an unknown god.
   783 | D:1      | Reached XP level 3. HP: 20/23 MP: 3/3
  1475 | D:2      | Reached XP level 4. HP: 28/28 MP: 4/4
  2117 | D:3      | Reached XP level 5. HP: 32/33 MP: 5/5
  2161 | D:3      | Noticed a necrophage
  2173 | D:3      | Killed a necrophage
  2229 | D:3      | Found a transporter.
  2299 | D:3      | Found a transporter.
  2332 | D:3      | Found Reotaos's Antique Weapon Shop.
  2723 | D:3      | Gained mutation: You evolve. [potion of mutation]
  2723 | D:3      | Gained mutation: You have a pair of small horns on your
                  | head. [potion of mutation]
  2723 | D:3      | Gained mutation: You are frail. (-10% HP) [potion of
                  | mutation]
  2723 | D:3      | Gained mutation: You are agile. (Dex +2) [potion of
                  | mutation]
  2737 | D:3      | Reached XP level 6. HP: 22/34 MP: 6/6
  2764 | D:3      | Upgraded the game from 0.27-a0-1200-g94dc6ad4cf to
                  | 0.27-a0-1202-ge72e49191c
  3137 | D:3      | Gained mutation: Your flesh is cold resistant. (rC+)
                  | [evolution]
  3137 | D:3      | Lost mutation: You evolve. [end of evolution]
  3505 | D:4      | Found Wedun's Jewellery Shop.
  3924 | D:4      | HP: 1/34 [ogre/+0 giant spiked club (11)]
  3925 | D:4      | Slain by an ogre

Illustrated notes

Levels and vault maps discovered:
D:1:      dpeg_arrival_tiny_k, layout_loops_cross, basic_ecumenical_altar
D:2:      layout_basic, grunt_ministairs_4
D:3:      gammafunk_wand_slinger, layout_rooms, serial_shops, shop
D:4:      layout_basic, minmay_shop_enchanted_jewellery, minmay_curled_crystal,
          grunt_decor_cap

Skill      XL: |  1  2  3  4  5  6 |
---------------+-------------------+-----
Axes           | 2 3 4 |  4.3
Shields        | 4 |  4.6
Armour         | 4 |  4.5
Fighting       | 4 |  4.3
Dodging        | |  0.8
Evocations     | |  0.6

Action                   |  1- 3 |  4- 6 || total
-------------------------+-------+-------++-------
Melee: War axe           |   106 |   115 ||   221
       Headbutt          |       |     6 ||     6
Evoke: Wand              |       |    13 ||    13
  Use: Scroll            |     2 |     5 ||     7
       Potion            |       |     5 ||     5
Armor: Scale mail        |    56 |    40 ||    96
       Chain mail        |       |    30 ||    30
Dodge: Dodged            |    52 |    32 ||    84
Block: Kite shield       |    61 |    55 ||   116
       Tower shield      |       |    22 ||    22

Table legend: (Time is in decaauts)
 A = Elapsed time spent in this place.
 B = Non-inter-level travel time spent in this place.
 C = Inter-level travel time spent in this place.
 D = Time resting spent in this place.
 E = Time spent auto-exploring this place.
 F = Levels seen in this place.
 G = Mean time per level.
                   A        B        C        D        E       F      G
               +--------+--------+--------+--------+--------+-----+--------+
         Total |   4058 |   4058 |      0 |    603 |   2508 |   4 | 1014.5 |
       Dungeon |   4058 |   4058 |      0 |    603 |   2508 |   4 | 1014.5 |
               +--------+--------+--------+--------+--------+-----+--------+

Top non-repeatable levels by time:
     D:2: 1146 daAuts
     D:3: 1097 daAuts
     D:1: 1037 daAuts
     D:4: 777 daAuts
